AoeStats
← ☣Mardo☣

Nomad

509885556Analyzed
2v2 RM · 4d ago on Sep 28, 2026· 39m 46s· 4 players
Game mode
Random Map
Map size
176×176
Population
200
Speed
Normal
Resources
Standard
Victory
Conquest
Starting age
Dark Age
Ending age
Imperial Age
RankedLock teamsTeams togetherTeam positionsShared explorationLock speedFull tech treeHidden civsTurbo modeCheats
Victory
Defeat
🇸🇰 Persians · Slovakia
1008
+15
🇨🇿 Khitans · Czechia
1007
+15
🇬🇷 Celts · Greece
999
-15
🇮🇳 Franks · India
974
-15
阳江第一刀
12:29 Feudal Age
17:35 Castle Age
17:29 Fishing Lines
17:52 Double-Bit Axe
18:39 Loom
Kaisar
9:46 Loom
15:10 Feudal Age
19:01 Castle Age
16:54 Double-Bit Axe
17:07 Man-at-Arms
18:42 Forging
18:33 Scale Mail Armor
21:10 Long Swordsman
22:05 Horse Collar
23:23 Medium Warships
25:40 Wheelbarrow
33:13 Pikeman
39:10 Fletching
ElaRyer
6:03 Loom
12:48 Feudal Age
14:00 Double-Bit Axe
23:03 Castle Age
21:34 Stone Mining
21:37 Gold Mining
22:15 Fletching
25:25 Wheelbarrow
28:59 Bow Saw
28:55 Domestication
29:12 Fishing Lines
31:27 Scale Mail Armor
31:38 Forging
32:54 Hand Cart
33:54 Chain Mail Armor
34:15 Iron Casting
34:24 Lamellar Armor
34:26 Arson
34:42 Squires
39:37 Imperial Age
38:30 Bodkin Arrow
☣Mardo☣
13:47 Feudal Age
15:41 Fishing Lines
16:42 Loom
21:08 Castle Age
20:37 Fletching
21:49 Medium Warships
24:32 Wheelbarrow
29:17 Double-Bit Axe
34:08 Bloodlines
34:07 Scale Barding Armor
34:20 Forging
Connection lost

Rejoining the realm…

Still unreachable

The connection could not be restored.

Session expired

The server has moved on; the page needs a fresh start.